 Dungeon Sprint DCSS version 0.17.1-2-g5865329 (console) character file.

12741 hexophile the Severer (level 11, -3/102 HPs)
             Began as a Demonspawn Fighter on Jan 27, 2016.
             Was the Champion of Makhleb.
             Slain by a chaos spawn (11 damage)
             ... summoned by the player character
             ... while paralysed by a vampire knight
             ... in the Dungeon (Sprint V: "Ziggurat Sprint").
             The game lasted 00:06:14 (362 turns).

hexophile the Severer (Demonspawn Fighter)           Turns: 362, Time: 00:06:14

Health: -3/102     AC: 25    Str: 27    XL:     11   Next: 66%
Magic:  11/11      EV:  2    Int:  7    God:    Makhleb [******]
Gold:   0          SH:  0    Dex: 13    Spells: 0 memorised, 10 levels left

rFire  + . .     SeeInvis +     D - +14 obsidian axe {chop, +Fly Str+3 SInv *Curse} (curse)
rCold  + + .     Clarity  .     y - +5 gold dragon armour {rC+ rF+ rPois}
rNeg   + . .     SustAt   .     C - +18 shield of the gong {rElec rN+ MR+ EV-5}
rPois  +         Gourm    .     (no helmet)
rElec  +         Spirit   .     (no cloak)
rCorr  .         Warding  .     (no gloves)
rMut   .         NoTele   +     (no boots)
MR     +....                    G - amulet of Neulua {+Rage Str+4 SInv}
Stlth  ..........               H - ring of poison resistance {rPois}
                                a - +3 ring of evasion

@: paralysed, mesmerised, somewhat resistant to hostile enchantments, extremely
unstealthy
A: talons 2, thin metallic scales 3, cold resistance 1, dopey 1, icemail, spiny
1, freezing cloud immunity
a: Minor Destruction, Lesser Servant of Makhleb, Major Destruction, Greater
Servant of Makhleb, Renounce Religion, Evoke Berserk Rage, Evoke Flight


You were in the Dungeon.
You worshipped Makhleb.
Makhleb was exalted by your worship.
You were not hungry.

You visited 1 branch


Innate Abilities, Weirdness & Mutations

You have razor-sharp toenails.
You are completely covered in thin metallic scales (AC +4, rElec).
Your flesh is cold resistant.
A meltable icy envelope protects you from harm (AC +0).
You are partially covered in sharp spines.
You are immune to freezing clouds.
You are dopey. (Int -2)

Inventory:

Hand Weapons
 z - a +5 broad axe
 D - the cursed +14 obsidian axe (weapon) {chop, +Fly Str+3 SInv *Curse}
   (You found it in the Dungeon)

   It inflicts extra damage upon your enemies.
   It affects your strength (+3).
   It lets you see invisible.
   It lets you fly.
   It may re-curse itself when equipped.
   It has a curse placed upon it.
Armour
 y - a +5 gold dragon armour (worn) {rC+ rF+ rPois}
 C - the +18 shield of the gong (worn) {rElec rN+ MR+ EV-5}
   (You found it in the Dungeon)

   It affects your evasion (-5).
   It insulates you from electricity.
   It protects you from negative energy.
   It affects your resistance to hostile enchantments.
Jewellery
 a - a +3 ring of evasion (left hand)
 b - the amulet of a Thousand Gods {rMut *Corrode rF+ Dex+2}
   (You found it in the Dungeon)

   [amulet of resist mutation]

   It protects you from mutation.
   It affects your dexterity (+2).
   It protects you from fire.
   It may corrode your equipment when you take damage.
 G - the amulet of Neulua (around neck) {+Rage Str+4 SInv}
   (You found it in the Dungeon)

   [amulet of rage]

   It affects your strength (+4).
   It lets you see invisible.
   It lets you go berserk.
 H - a ring of poison resistance (right hand) {rPois}
 I - the amulet "Utoun" {Spirit Dex+5}
   (You found it in the Dungeon)

   [amulet of guardian spirit]

   It causes incoming damage to be split between your health and magic.
   It affects your dexterity (+5).
 K - the amulet of the Countless Realms {Spirit *Corrode Dex+6 Slay+3}
   (You found it in the Dungeon)

   [amulet of guardian spirit]

   It causes incoming damage to be split between your health and magic.
   It affects your dexterity (+6).
   It affects your accuracy and damage with ranged weapons and melee attacks
   (+3).
   It may corrode your equipment when you take damage.
Wands
 c - a wand of disintegration (7)
 B - a wand of fire (5)
 E - a wand of cold (5)
 F - a wand of draining (5)
Scrolls
 k - 4 scrolls of blinking
 s - 3 scrolls of recharging
 t - 6 scrolls of fog
 u - a scroll of holy word
 w - 5 scrolls of remove curse
 x - 2 scrolls of fear
 A - 5 scrolls of identify
Potions
 d - 5 potions of might {Str+5 DMG+1d10}
 e - 2 potions of brilliance {Archmagi Int+5 Wiz++}
 f - 10 potions of curing
 g - 9 potions of heal wounds
 h - 6 potions of haste
 i - 7 potions of magic
 j - 2 potions of berserk rage
 l - 2 potions of invisibility
 m - 4 potions of resistance {rF+ rC+ rPois rElec rCorr}
 o - 5 potions of agility {Stlth+ Dex+5 EV+5}
Miscellaneous
 n - a phantom mirror
 v - a disc of storms
Comestibles
 p - 42 fruits
 q - 4 meat rations
 r - 5 bread rations


You had 10 spell levels left.
You didn't know any spells.


   Skills:
 * Level 15.2 Fighting
 + Level 18.2 Axes
 * Level 8.2 Armour
 * Level 7.5 Dodging
 * Level 8.1 Shields

Dungeon Overview and Level Annotations

Branches:
Dungeon (1/1)

Altars:
Ashenzari
Cheibriados
Dithmenos
Elyvilon
Fedhas
Gozag
Kikubaaqudgha
Makhleb
Nemelex Xobeh
Okawaru
Qazlal
Ru
Sif Muna
Trog
Vehumet
Xom
Yredelemnul
Zin
The Shining One
Beogh
Jiyva
Lugonu

Annotations:
D furk

Vault maps used:
D:        sprint_v
You       could see a vampire knight (invisible), 2 skeletal warriors, a chaos
          spawn, a wight and a friendly rust devil.


Message History

The skeletal warrior closely misses your rust devil.
Items here: ) = [ † a dagger; a robe; an uncursed ring of stealth {Stlth+}; a human corpse You lost 20 HP.
You have now: 56/102 HP.
You hit the vampire knight. You open a gate to Pandemonium!
A demon appears!
It doesn't seem very happy.
You claw the vampire knight, but do no damage.
The vampire knight is moderately damaged.
Visions of slaying the chaos spawn flood into your mind.
You feel less exhausted.
Your rust devil hits the skeletal warrior.
Your rust devil corrodes the skeletal warrior!
The vampire knight gestures at you while chanting.
You suddenly lose the ability to move!
The vampire knight completely misses you.
The vampire knight bites you.
Your rust devil hits the skeletal warrior.
Your rust devil corrodes the skeletal warrior!
The skeletal warrior is struck by your spines.
The skeletal warrior hits you with a hand axe!
The chaos spawn gores you but does no damage.
The vampire knight hits you but does no damage.
The vampire knight barely misses you.
Your rust devil barely misses the skeletal warrior.
The chaos spawn hits you but does no damage.
Visions of slaying the skeletal warrior flood into your mind.
The vampire knight hits you with a great sword!
* * * LOW HITPOINT WARNING * * *
The vampire knight bites you but does no damage.
The skeletal warrior is struck by your spines.
The skeletal warrior barely misses you.
The skeletal warrior hits you but does no damage.
The skeletal warrior hits your rust devil but does no damage.
Your rust devil hits the skeletal warrior.
Your rust devil corrodes the skeletal warrior!
The chaos spawn is struck by your spines.
The chaos spawn gores you but does no damage.
The vampire knight hits you but does no damage.
The vampire knight bites you.
* * * LOW HITPOINT WARNING * * *
The skeletal warrior hits you with a hand axe!
* * * LOW HITPOINT WARNING * * *
The skeletal warrior hits you but does no damage.
The skeletal warrior hits your rust devil but does no damage.
Your rust devil hits the skeletal warrior!
Your rust devil corrodes the skeletal warrior!
The chaos spawn grows dozens of eye stalks in order to get a better look at you.
The chaos spawn is struck by your spines.
The chaos spawn gores you!
You die...

Action                   |  1- 3 |  4- 6 |  7- 9 | 10-12 || total
-------------------------+-------+-------+-------+-------++-------
Melee: Broad axe         |     3 |       |    32 |    56 ||    91
  Use: Potion            |     2 |       |       |     2 ||     4
       Scroll            |       |       |       |     1 ||     1

Notes
Turn   | Place    | Note
--------------------------------------------------------------
     0 | D        | hexophile the Demonspawn Fighter began the quest for the Orb.
     0 | D        | Reached XP level 1. HP: 18/18 MP: 1/1
     0 | D        | Found a roughly hewn altar of Beogh.
     0 | D        | Found a corrupted altar of Lugonu.
     0 | D        | Found a viscous altar of Jiyva.
     0 | D        | Found a white marble altar of Elyvilon.
     0 | D        | Found a sparkling altar of Nemelex Xobeh.
     0 | D        | Found a burning altar of Makhleb.
     0 | D        | Found an iron altar of Okawaru.
     0 | D        | Found a deep blue altar of Sif Muna.
     0 | D        | Found a radiant altar of Vehumet.
     0 | D        | Found a bloodstained altar of Trog.
     0 | D        | Found a shimmering altar of Xom.
     7 | D        | Banished a spatial maelstrom
    24 | D        | Became a worshipper of Makhleb the Destroyer
    84 | D        | Entered arena 1.
    84 | D        | Noticed a deep elf mage
    84 | D        | Noticed a deep elf conjurer
    85 | D        | Reached skill level 7 in Axes
    85 | D        | Gained mutation: You have sharp toenails. [demonic ancestry]
    85 | D        | Reached XP level 2. HP: 24/24 MP: 2/2
    90 | D        | Killed a deep elf conjurer
    90 | D        | Reached skill level 13 in Axes
    90 | D        | Gained mutation: Your flesh is cold resistant. [demonic ancestry]
    90 | D        | Reached XP level 3. HP: 29/29 MP: 3/3
    90 | D        | Gained mutation: You are immune to freezing clouds. [demonic ancestry]
    90 | D        | Reached XP level 4. HP: 35/35 MP: 4/4
    90 | D        | Gained mutation: You are partially covered in thin metallic scales (AC +2). [demonic ancestry]
    90 | D        | Reached XP level 5. HP: 41/41 MP: 5/5
    90 | D        | Reached XP level 6. HP: 47/47 MP: 6/6
    90 | D        | Killed a deep elf mage
    90 | D        | Reached * piety under Makhleb
    90 | D        | Reached skill level 14 in Axes
    90 | D        | Gained mutation: A meltable icy envelope protects you from harm (AC +0). [demonic ancestry]
    90 | D        | Reached XP level 7. HP: 52/52 MP: 7/7
    92 | D        | Got the cursed +0 great sword of Joyful Slaughter {slice, Dex+2}
    99 | D        | Entered arena 2.
    99 | D        | Noticed a human
    99 | D        | Noticed a white ugly thing
    99 | D        | Noticed a white ugly thing
   105 | D        | a human changed into a naga
   109 | D        | Killed a red ugly thing
   109 | D        | Reached skill level 6 in Fighting
   110 | D        | Killed a red ugly thing
   110 | D        | Reached ** piety under Makhleb
   110 | D        | Reached skill level 7 in Fighting
   110 | D        | Reached skill level 15 in Axes
   110 | D        | Gained mutation: You are mostly covered in thin metallic scales (AC +3). [demonic ancestry]
   110 | D        | Reached XP level 8. HP: 64/68 MP: 8/8
   110 | D        | Reached skill level 8 in Fighting
   117 | D        | Entered arena 3.
   117 | D        | Noticed an eye of draining
   117 | D        | Noticed a slime creature
   117 | D        | Noticed an eye of draining
   123 | D        | Killed an eye of draining
   123 | D        | Reached *** piety under Makhleb
   124 | D        | Killed a slime creature
   124 | D        | Reached skill level 9 in Fighting
   124 | D        | Killed an eye of draining
   128 | D        | Entered arena 4.
   128 | D        | Noticed an iron imp
   128 | D        | Noticed a crimson imp
   128 | D        | Noticed a large abomination
   132 | D        | Killed a crimson imp
   132 | D        | Reached **** piety under Makhleb
   132 | D        | Killed an iron imp
   135 | D        | Killed a large abomination
   135 | D        | Reached skill level 10 in Fighting
   135 | D        | Reached skill level 16 in Axes
   135 | D        | Gained mutation: You are partially covered in sharp spines. [demonic ancestry]
   135 | D        | Reached XP level 9. HP: 66/79 MP: 1/9
   140 | D        | Got the amulet of a Thousand Gods {rMut *Corrode rF+ Dex+2}
   145 | D        | Entered arena 5.
   145 | D        | Noticed a jelly
   145 | D        | Noticed a jelly
   145 | D        | Noticed a jelly
   145 | D        | Noticed a jelly
   147 | D        | Killed a jelly
   147 | D        | Reached ***** piety under Makhleb
   148 | D        | Killed a jelly
   148 | D        | Killed a jelly
   149 | D        | Killed a jelly
   154 | D        | Entered arena 6.
   154 | D        | Noticed a fire drake
   154 | D        | Noticed a fire drake
   154 | D        | Noticed a fire drake
   154 | D        | Noticed an efreet
   154 | D        | Noticed a hell hog
   159 | D        | Killed an efreet
   159 | D        | Reached skill level 11 in Fighting
   161 | D        | Killed a fire drake
   161 | D        | Killed a fire drake
   162 | D        | Killed a fire drake
   162 | D        | Reached ****** piety under Makhleb
   162 | D        | Killed a hell hog
   162 | D        | Reached skill level 12 in Fighting
   162 | D        | Reached skill level 17 in Axes
   169 | D        | Got the amulet of Neulua {+Rage Str+4 SInv}
   177 | D        | Got the +4 ring mail "Weedgh" {rC++}
   187 | D        | Entered arena 7.
   187 | D        | Noticed a spriggan
   187 | D        | Noticed a spriggan
   187 | D        | Noticed a wolf
   187 | D        | Noticed a spriggan rider
   187 | D        | Noticed a spriggan rider
   187 | D        | Noticed a wolf
   191 | D        | Killed a wolf
   191 | D        | Gained mutation: You are completely covered in thin metallic scales (AC +4, rElec). [demonic ancestry]
   191 | D        | Reached XP level 10. HP: 47/91 MP: 7/10
   192 | D        | Killed a wolf
   193 | D        | Killed a spriggan
   194 | D        | Killed a spriggan
   194 | D        | Reached skill level 13 in Fighting
   201 | D        | Killed a wasp
   201 | D        | Killed a spriggan
   206 | D        | Killed a spriggan rider
   206 | D        | Killed a wasp
   206 | D        | Reached skill level 3 in Armour
   206 | D        | Reached skill level 2 in Dodging
   206 | D        | Reached skill level 3 in Shields
   209 | D        | Got the amulet "Utoun" {Spirit Dex+5}
   211 | D        | Entered arena 8.
   211 | D        | Noticed a golden eye
   211 | D        | Noticed a slime creature
   211 | D        | Noticed a jelly
   211 | D        | Noticed a shining eye
   211 | D        | Noticed a slime creature
   215 | D        | Killed a golden eye
   215 | D        | Killed a jelly
   215 | D        | Gained mutation: You are dopey. (Int -2) [a shining eye]
   216 | D        | Killed a slime creature
   217 | D        | Reached skill level 4 in Shields
   221 | D        | Killed a slime creature
   221 | D        | Reached skill level 4 in Armour
   221 | D        | Killed a shining eye
   221 | D        | Reached skill level 3 in Dodging
   222 | D        | Paralysed by a giant eyeball for 2 turns
   229 | D        | Identified Luabri's Volume of Enhancements
   231 | D        | Entered arena 9.
   231 | D        | Noticed an iron imp
   231 | D        | Noticed a hell hound
   231 | D        | Noticed an iron imp
   237 | D        | Killed a hell hound
   238 | D        | Killed an iron imp
   239 | D        | Killed an iron imp
   244 | D        | Got the amulet of the Countless Realms {Spirit *Corrode Dex+6 Slay+3}
   246 | D        | Got the cursed +0 chain mail of Adanugos {Int+4}
   248 | D        | Identified the Almanac of Summoning and Snow
   253 | D        | Got the cursed +2 whip of Righteous Anger {drain, Str+4}
   257 | D        | Entered arena 10.
   257 | D        | Noticed an eye of draining
   257 | D        | Noticed an eye of devastation
   257 | D        | Noticed a jelly
   257 | D        | Noticed a slime creature
   257 | D        | Noticed an eye of devastation
   257 | D        | Noticed a shining eye
   257 | D        | Noticed a jelly
   265 | D        | Killed a shining eye
   265 | D        | Reached skill level 5 in Armour
   265 | D        | Reached skill level 4 in Dodging
   265 | D        | Reached skill level 5 in Shields
   265 | D        | Killed a slime creature
   265 | D        | Killed an eye of devastation
   265 | D        | Reached skill level 14 in Fighting
   266 | D        | Killed a jelly
   267 | D        | Killed a jelly
   269 | D        | Killed an eye of devastation
   269 | D        | Killed an eye of draining
   293 | D        | Entered arena 11.
   293 | D        | Noticed a swamp dragon
   293 | D        | Noticed a swamp drake
   293 | D        | Noticed a swamp drake
   293 | D        | Noticed a fire dragon
   293 | D        | Noticed an ice dragon
   294 | D        | Noticed a mottled dragon
   294 | D        | Noticed a swamp drake
   294 | D        | Noticed a steam dragon
   294 | D        | Noticed a four-headed hydra
   294 | D        | Noticed a swamp dragon
   301 | D        | Killed a fire dragon
   301 | D        | Reached skill level 6 in Armour
   301 | D        | Reached skill level 5 in Dodging
   301 | D        | Gained mutation: You have razor-sharp toenails. [demonic ancestry]
   301 | D        | Reached XP level 11. HP: 39/100 MP: 4/11
   303 | D        | Killed a swamp drake
   303 | D        | Reached skill level 6 in Shields
   304 | D        | Killed an ice dragon
   304 | D        | Reached skill level 18 in Axes
   304 | D        | Killed a swamp drake
   306 | D        | Killed a swamp drake
   306 | D        | Killed a six-headed hydra
   306 | D        | Reached skill level 6 in Dodging
   308 | D        | Killed a swamp dragon
   308 | D        | Reached skill level 7 in Armour
   308 | D        | Reached skill level 7 in Shields
   308 | D        | Killed a mottled dragon
   309 | D        | Killed a swamp dragon
   309 | D        | Killed a steam dragon
   344 | D        | Entered arena 12.
   344 | D        | Noticed a necrophage
   344 | D        | Noticed a necromancer
   344 | D        | Noticed a vampire
   344 | D        | Noticed a shadow
   344 | D        | Noticed a wight
   345 | D        | Noticed a skeletal warrior
   345 | D        | Noticed a skeletal warrior
   345 | D        | Noticed a skeletal warrior
   345 | D        | Noticed a necromancer
   345 | D        | Noticed a vampire knight
   346 | D        | Noticed a wight
   346 | D        | Killed a vampire
   348 | D        | Killed a necrophage
   350 | D        | Killed a shadow
   350 | D        | Reached skill level 7 in Dodging
   352 | D        | Killed a wight
   353 | D        | Killed a necromancer
   353 | D        | Reached skill level 15 in Fighting
   354 | D        | Killed a necromancer
   354 | D        | Reached skill level 8 in Armour
   355 | D        | Killed a skeletal warrior
   355 | D        | Reached skill level 8 in Shields
   358 | D        | Paralysed by a vampire knight for 4 turns
   362 | D        | Slain by a chaos spawn

Table legend:
 A = Turns spent in this place as a percentage of turns spent in the entire game.
 B = Non-inter-level travel turns spent in this place as a percentage of non-inter-level travel turns spent in the entire game.
 C = Inter-level travel turns spent in this place as a percentage of turns spent in this place.
 D = Turns resting spent in this place as a percentage of non-inter-level travel turns spent in this place.
 E = Turns spent auto-exploring this place as a percentage of non-inter-level travel turns spent in this place.
 F = Non-inter-level travel turns spent in this place divided by the number of levels of this place that you've seen.
                   A       B       C       D       E      F
               +-------+-------+-------+-------+-------+----------------------
         Total | 100.0 | 100.0 |   0.2 |   0.0 |   0.0 | 474.0
       Dungeon | 100.0 | 100.0 |   0.2 |   0.0 |   0.0 | 474.0
               +-------+-------+-------+-------+-------+----------------------

Table legend:
 A = Kills in this place as a percentage of kills in entire the game.
 B = Kills by you in this place as a percentage of kills by you in the entire game.
 C = Kills by friends in this place as a percentage of kills by friends in the entire game.
 D = Other kills in this place as a percentage of other kills in the entire game.
 E = Experience gained in this place as a percentage of experience gained in the entire game.
 F = Experience gained in this place divided by the number of levels of this place that you have seen.
                   A       B       C       D       E      F
               +-------+-------+-------+-------+-------+----------------------
         Total | 100.0 | 100.0 | 100.0 |  -nan | 100.0 | 18190.0
       Dungeon | 100.0 | 100.0 | 100.0 |  -nan | 100.0 | 18190.0
               +-------+-------+-------+-------+-------+----------------------

Vanquished Creatures
  An ice dragon (D)
  A skeletal warrior (D)
  2 swamp dragons (D)
  A deep elf conjurer (D)
  A necromancer (D)
  2 ugly things (D)
  2 shining eyes (D)
  2 eyes of devastation (D)
  An efreet (D)
  4 slime creatures (D)
  A shadow (D)
  A deep elf mage (D)
  4 spriggans (D)
  A vampire (D)
  2 wolves (D)
  A golden eye (D)
  A mottled dragon (D)
  A hell hound (D)
  A naga (shapeshifter) (D)
  2 wasps (D)
  3 swamp drakes (D)
  3 eyes of draining (D)
  A necrophage (D)
  A wight (D)
  A crimson imp (D)
  7 jellies (D)
  2 iron imps (D)
  A giant eyeball (D)
  5 oozes (D)
  An adder skeleton (D)
  A bat skeleton (D)
  A bat zombie (D)
  A ball python zombie (D)
  A quokka zombie (D)
  A fire vortex (D)
62 creatures vanquished.

Vanquished Creatures (collateral kills)
  A fire dragon (D)
  A hydra (D)
  A hell hog (D)
  A large abomination (D)
  A necromancer (D)
  3 fire drakes (D)
  A steam dragon (D)
  An iron imp (D)
  A white imp (D)
11 creatures vanquished.

Vanquished Creatures (others)
  A spatial maelstrom (D)
1 creature vanquished.

Grand Total: 74 creatures vanquished
